 Dungeon Crawl Stone Soup version 0.30-a0-930-gb9d0489357 (webtiles) character file.

Game seed: 14979092326324383565

143 retardedninja the Conjurer (level 4, -16/33 HPs)
             Began as a Demigod Conjurer on Mar 23, 2023.
             Demolished by an ogre
             ... wielding a +0 giant club
              (25 damage)
             ... on level 4 of the Dungeon.
             The game lasted 00:06:56 (4048 turns).

retardedninja the Conjurer (Demigod Conjurer)       Turns: 4048, Time: 00:06:57

Health: -16/33     AC:  4    Str:  8    XL:     4   Next: 76%
Magic:  3/11       EV: 12    Int: 24    God:
Gold:   206        SH:  5    Dex: 12    Spells: 6/9 levels left

rFire   . . .      SeeInvis .    q - +2 dagger (venom)
rCold   . . .      Faith    .    (no shield)
rNeg    . . .      Spirit   .    a - +0 robe
rPois   .          Reflect  +    (no helmet)
rElec   .          Rampage  .    u - +0 cloak
rCorr   .                        (no gloves)
Will    .....                    d - +0 pair of boots
Stlth   ++                       j - amulet of reflection
HPRegen 0.25/turn                (no ring)
MPRegen 0.12/turn                (no ring)

@: about to teleport
A: high MP 1, forlorn, divine attributes
a: no special abilities


You were on level 4 of the Dungeon.
You visited 1 branch of the dungeon, and saw 4 of its levels.

You collected 206 gold pieces.

Inventory:

Hand Weapons
 q - a +2 dagger of venom (weapon)
Missiles
 o - a throwing net
Armour
 a - a +0 robe (worn)
 d - a +0 pair of boots (worn)
 u - a +0 cloak (worn)
Jewellery
 j - an amulet of reflection (around neck)
Scrolls
 c - 2 scrolls of noise
 e - a scroll of blinking {unknown}
 f - a scroll of teleportation
 h - a scroll of summoning {unknown}
 k - a scroll of magic mapping {unknown}
 m - a scroll of fear {unknown}
 p - a scroll of immolation {unknown}
 s - 2 scrolls of enchant armour {unknown}
 t - a scroll of fog {unknown}
Potions
 b - a potion of magic
 i - a potion of mutation {unknown}
 l - 2 potions of attraction
 r - a potion of haste


   Skills:
 + Level 2.7 Dodging
 + Level 2.7 Stealth
 * Level 3.0 Spellcasting
 + Level 4.1 Conjurations


You had 6 spell levels left.
You knew the following spells:

 Your Spells              Type           Power      Damage    Failure   Level
a - Magic Dart            Conj           92%        1d7       1%          1
b - Searing Ray           Conj           46%        2d6       3%          2

Your spell library contained the following spells:

 Spells                   Type           Power      Damage    Failure   Level
 Dazzling Flash           Conj/Hex       26%        N/A       14%         3
 Inner Flame              Hex/Fire       3%         N/A       32%         3
 Flame Wave               Conj/Fire      13%        2d6       41%         4
 Fulminant Prism          Conj/Hex       6%         3d7       41%         4
 Iskenderun's Mystic Bla  Conj/Tloc      13%        2d5       41%         4
 Sticky Flame             Conj/Fire      13%        2d4       41%         4


Dungeon Overview and Level Annotations

Branches:
Dungeon (4/15)
 Temple: D:4-7


Innate Abilities, Weirdness & Mutations

You have an increased reservoir of magic. (+10% MP)
You shall have no god before yourself.
Your divine heritage dramatically boosts your attributes as you level up.


Message History

Aim: an ogre, wielding a +0 giant club (lightly wounded, 100% to hit)
The magic dart hits the ogre.
The ogre is lightly wounded.
The ogre barely misses you.
Aiming: Magic Dart (safe; 1% risk of failure)
Press: ? - help, Q - select action, (/) - cycle Shift-Dir - straight line, f/p - ogre
Aim: an ogre, wielding a +0 giant club (lightly wounded, 100% to hit)
The magic dart hits the ogre but does no damage.
The ogre is lightly wounded.
Aiming: Magic Dart (safe; 1% risk of failure)
Press: ? - help, Q - select action, (/) - cycle Shift-Dir - straight line, f/p - ogre
Aim: an ogre, wielding a +0 giant club (lightly wounded, 100% to hit)
The magic dart hits the ogre!
The ogre is heavily wounded.
The ogre hits you with a +0 giant club!!
Ouch! That really hurt!
The black bear bites you but does no damage.
You block the black bear's attack. The black bear claws you.
Aiming: Magic Dart (safe; 1% risk of failure)
Press: ? - help, Q - select action, (/) - cycle Shift-Dir - straight line, f/p - ogre
Aim: an ogre, wielding a +0 giant club (heavily wounded, 100% to hit)
The magic dart hits the ogre.
The ogre is heavily wounded.
The black bear bites you.
* * * LOW HITPOINT WARNING * * *
The black bear claws you.
* * * LOW HITPOINT WARNING * * *
The black bear claws you.
* * * LOW HITPOINT WARNING * * *
The ogre closely misses you.
You feel better. The black bear closely misses you.
You block the black bear's attack.
The black bear claws you but does no damage.
Your magical contamination has completely faded away.
As you read the scroll of teleportation, it crumbles to dust.
You feel strangely unstable. The black bear barely misses you. x2
The black bear closely misses you.
The ogre hits you with a +0 giant club!!
Ouch! That really hurt!
You die...

#.# .>. #.# #.#
#.# #h# #O# #
#@# .## .
#h###.... ...
#......#
.....##.†#...#
.......<.# ..#
..:#.##........
# #..##.##.
#..# # #...


You could see a black bear, an ogre and a jackal.

Vanquished Creatures
  Jessica (D:3)
  3 adders (D:2)
  A worm (D:2)
  3 dart slugs
  An orc (D:2)
  5 bats
  6 endoplasms
  7 giant cockroaches
  4 goblins
  9 hobgoblins
  3 jackals (D:4)
  5 quokkas
  8 ball pythons
  A frilled lizard (D:1)
  9 kobolds
  9 rats
75 creatures vanquished.

Notes
Turn   | Place    | Note
-------+----------+-------------------------------------------
     0 | D:1      | retardedninja the Demigod Conjurer began the quest for the
                  | Orb.
     0 | D:1      | Reached XP level 1. HP: 14/14 MP: 5/5
   496 | D:1      | Reached XP level 2. HP: 14/20 MP: 0/7
  1513 | D:2      | Reached XP level 3. HP: 26/26 MP: 5/9
  2335 | D:2      | Reached skill level 4 in Conjurations
  2462 | D:2      | Reached XP level 4. HP: 33/33 MP: 7/10
  2754 | D:2      | Learned a level 2 spell: Searing Ray
  3415 | D:3      | Noticed Jessica
  3419 | D:3      | Killed Jessica
  4029 | D:4      | Noticed a black bear
  4033 | D:4      | Noticed an ogre
  4048 | D:4      | Demolished by an ogre

Illustrated notes

Levels and vault maps discovered:
D:1:      dpeg_arrival_arbitrary_b, layout_basic, minivault_23
D:2:      minmay_diamond_boxcup, layout_loops_ring, basic_altar
D:3:      layout_basic, uniq_jessica
D:4:      layout_basic, uniq_robin

Skill      XL: |  1  2  3  4 |
---------------+-------------+-----
Stealth        | 2 |  2.7
Spellcasting   | 2 3 |  3.0
Dodging        | 2 |  2.7
Conjurations   | 4 |  4.1

Action                     |  1- 3 |  4- 6 || total
---------------------------+-------+-------++-------
  Melee: Unarmed           |    38 |       ||    38
         Punch             |     1 |       ||     1
         Dagger            |       |     1 ||     1
   Cast: Magic Dart        |   109 |    78 ||   187
    Use: Scroll            |       |     6 ||     6
         Potion            |       |     2 ||     2
   Stab: Sleeping          |       |     1 ||     1
 Armour: Robe              |    20 |     5 ||    25
  Dodge: Dodged            |    35 |    19 ||    54
  Block: Other             |     2 |     7 ||     9

Table legend: (Time is in decaauts)
 A = Elapsed time spent in this place.
 B = Non-inter-level travel time spent in this place.
 C = Inter-level travel time spent in this place.
 D = Time resting spent in this place.
 E = Time spent auto-exploring this place.
 F = Levels seen in this place.
 G = Mean time per level.
                   A        B        C        D        E       F      G
               +--------+--------+--------+--------+--------+-----+--------+
         Total |   4047 |   3898 |    149 |    745 |   2721 |   4 | 1011.8 |
       Dungeon |   4047 |   3898 |    149 |    745 |   2721 |   4 | 1011.8 |
               +--------+--------+--------+--------+--------+-----+--------+

Top non-repeatable levels by time:
     D:2: 1692 daAuts
     D:1: 1380 daAuts
     D:3: 888 daAuts
     D:4: 86 daAuts
